 Dungeon Crawl Stone Soup version 0.17-a0-83-g894156c (console) character file.

84 MrRokkomies the Vexing (level 4, -4/30 HPs)
             Began as a Vampire Enchanter on Mar 17, 2015.
             Slain by Crazy Yiuf
             ... wielding a +2 quarterstaff of chaos
              (18 damage)
             ... on level 2 of the Dungeon.
             The game lasted 00:08:20 (2102 turns).

MrRokkomies the Vexing (Vampire Enchanter)          Turns: 2102, Time: 00:08:20

Health: -4/30      AC:  4    Str:  8    XL:     4   Next: 24%
Magic:  3/7        EV: 12    Int: 17    God:
Gold:   104        SH:  0    Dex: 14    Spells: 3 memorised, 1 level left

rFire  . . .     SeeInvis +     a - +1 dagger
rCold  + . .     Clarity  .     b - +1 robe
rNeg   + + .     SustAb   .     (no shield)
rPois  +         Gourm    .     k - +0 helmet (curse)
rElec  .         Spirit   .     (no cloak)
rCorr  .         Warding  .     (no gloves)
rMut   .         Stasis   .     (no boots)
MR     .....                    (no amulet)
Stlth  +++.......               (no ring)
                                (no ring)

@: regenerating slowly, not resistant to hostile enchantments, fairly stealthy
A: bottle blood, fangs 3, see invisible, unbreathing
a: Bat Form


You were on level 2 of the Dungeon.
You were thirsty.

You visited 1 branch of the dungeon, and saw 2 of its levels.

You collected 104 gold pieces.

Inventory:

Hand weapons
 a - a +1 dagger (weapon)
Missiles
 h - 14 poisoned needles
 n - 26 stones (quivered)
Armour
 b - a +1 robe (worn)
 k - a cursed +0 helmet (worn)
Jewellery
 g - an uncursed ring of fire
Scrolls
 f - a scroll of teleportation
 m - a scroll of random uselessness {unknown}
Potions
 d - a potion of blood
 e - 2 potions of agility {unknown}
 i - 2 potions of brilliance {unknown}
 j - 2 potions of ambrosia {unknown}
 l - a potion of haste {unknown}
Books
 c - a book of Maledictions

   Spells                             Type                      Level
   a - Corona                         Hexes                        1
   b - Sure Blade                     Hexes/Charms                 2
   c - Ensorcelled Hibernation        Hexes/Ice                    2
   d - Confuse                        Hexes                        3
   e - Dazzling Spray                 Conjuration/Hexes            3
   f - Enslavement                    Hexes                        4


   Skills:
 * Level 3.2 Short Blades
 - Level 2.1 Dodging
 - Level 4.4 Stealth
 - Level 2.0 Spellcasting
 * Level 6.0 Hexes


You had one spell level left.
You knew the following spells:

 Your Spells              Type           Power        Failure   Level  Hunger
a - Corona                Hex            ###....      1%          1    #......
b - Ensorcelled Hibernat  Hex/Ice        ##....       10%         2    ###....
c - Confuse               Hex            ###.....     6%          3    ###....


Dungeon Overview and Level Annotations

Branches:
Dungeon (2/15)

Altars:
Ru

Annotations:
D:2 Crazy Yiuf


Innate Abilities, Weirdness & Mutations

You heal slowly.
You can bottle blood from corpses.
You have razor-sharp teeth.
You have supernaturally acute eyesight.
You can survive without breathing.


Message History

Crazy Yiuf the Enlightened comes into view.
He is wielding a quarterstaff of chaos.
Crazy Yiuf shouts!
Crazy Yiuf sings, "Trees, trees, trees, circus!"
Casting: Ensorcelled Hibernation
Confirm with . or Enter, or press ? or * to list all spells.
Aiming: Ensorcelled Hibernation
Press: ? - help, Shift-Dir - straight line, f - Crazy Yiuf
Aim: Crazy Yiuf, wielding a quarterstaff of chaos and wearing an embroidered cloak (chance 51%) Crazy Yiuf resists with almost no effort.
Casting: Ensorcelled Hibernation
Confirm with . or Enter, or press ? or * to list all spells.
Aiming: Ensorcelled Hibernation
Press: ? - help, Shift-Dir - straight line, f/p - Crazy Yiuf
Aim: Crazy Yiuf, wielding a quarterstaff of chaos and wearing an embroidered cloak (chance 51%) Crazy Yiuf resists with almost no effort.
Crazy Yiuf laughs, "Nubble bush tortoise!"
Crazy Yiuf hits you with a quarterstaff of chaos!
You are electrocuted!
Ouch! That really hurt!
You die...

### #..# ...
77777#####.#. ###
777.7....##..#.###
##..##
7g@7.PP.....##.r...
#....#
#.....7777......###.....
#.#### #)..#
77P....###...# #.# ###
77##.......# #.#
#..###..# ###.# #.###..#
#...# # ##.†.(.# ....##
.. # #.####..###.#
..#..###.# .. #......##
#.#


You could see Crazy Yiuf.

Vanquished Creatures
  Terence (D:2)
  Robin (D:2)
  An adder (D:2)
  A giant mite (D:1)
  A worm (D:2)
  An ooze (D:2)
  A giant gecko (D:2)
  A giant cockroach (D:2)
  11 goblins
  6 hobgoblins (D:1)
  4 kobolds
  A quokka (D:2)
  4 bats
  A giant newt (D:2)
  2 jackals (D:2)
  3 rats
40 creatures vanquished.

Notes
Turn   | Place    | Note
--------------------------------------------------------------
     0 | D:1      | MrRokkomies, the Vampire Enchanter, began the quest for the Orb.
     0 | D:1      | Reached XP level 1. HP: 13/13 MP: 3/3
   175 | D:1      | Reached skill level 5 in Hexes
   175 | D:1      | Reached XP level 2. HP: 11/19 MP: 4/4
   190 | D:1      | Learned a level 2 spell: Ensorcelled Hibernation
  1045 | D:2      | Reached XP level 3. HP: 24/24 MP: 6/6
  1092 | D:2      | Noticed Robin
  1104 | D:1      | Learned a level 3 spell: Confuse
  1623 | D:2      | Killed Robin
  1806 | D:2      | Found a sacrificial altar of Ru.
  1807 | D:2      | Noticed Terence
  1886 | D:2      | Killed Terence
  1886 | D:2      | Reached skill level 6 in Hexes
  1886 | D:2      | Reached XP level 4. HP: 15/30 MP: 0/7
  2098 | D:2      | Noticed Crazy Yiuf
  2102 | D:2      | Slain by Crazy Yiuf

Action                   |  1- 3 |  4- 6 || total
-------------------------+-------+-------++-------
Melee: Dagger            |    86 |     7 ||    93
 Cast: Ensorcelled Hiber |    12 |     5 ||    17
  Use: Scroll            |     4 |       ||     4
 Stab: Sleeping          |     7 |     1 ||     8
  Eat: Corpse            |     1 |     1 ||     2
